 Dungeon Crawl Stone Soup version 0.32-a0-306-gfed3edf829 (webtiles) character file.

Game seed: 8580287106383433438

103 ytrimaz the Insei (level 4, -5/32 HPs)
             Began as a Demonspawn Shapeshifter on Feb 14, 2024.
             Killed by divine providence
             ... invoked by an orc priest
              (14 damage)
             ... on level 3 of the Dungeon.
             The game lasted 00:01:44 (916 turns).

ytrimaz the Insei (Demonspawn Shapeshifter)          Turns: 916, Time: 00:01:45

Health: -5/32      AC:  2    Str: 14    XL:     4   Next: 51%
Magic:  4/4        EV: 12    Int: 10    God:
Gold:   52         SH:  0    Dex: 15    Spells: 3/3 levels left

rFire   + .          .
                       - Unarmed
rCold   . . .        (no shield)
rNeg    . . .        a - +0 animal skin
rPois   .            (helmet currently unavailable)
rElec   .            (cloak currently unavailable)
rCorr   .            (gloves currently unavailable)
SInv    .            (boots currently unavailable)
Will    .....        (no amulet)
Stlth   +            g - ring of protection from fire
HPRegen 0.25/turn    (no ring)
MPRegen 0.09/turn

%: no passive effects
@: beast-form
A: beast (slay +1), spiny 1
a: Begin Untransformation, Convert to Beogh


You were on level 3 of the Dungeon.
You were a hulking beast.
You visited 1 branch of the dungeon, and saw 3 of its levels.

You collected 52 gold pieces.


Innate Abilities, Weirdness & Mutations

You are a hulking beast.
Your limbs bulge with bestial killing power. (Slay +1)
You are partially covered in sharp spines.


   Skills:
 - Level 1.5 Fighting
 - Level 1.7 Dodging
 + Level 4.5 Unarmed Combat
 - Level 2.9 Shapeshifting


You had 3 spell levels left.
You didn't know any spells.
Your spell library contained the following spells:

 Spells                   Type           Power      Damage    Failure   Level
 Fugue of the Fallen      Necr           0%         N/A       75%         3
 Ozocubu's Armour         Ice            0%         N/A       75%         3
 Manifold Assault         Tloc           0%         N/A       98%         4

Inventory:

Armour
 a - a +0 animal skin (worn)
Jewellery
 g - a ring of protection from fire (left hand)
   (You found it on level 1 of the Dungeon)
Talismans
 c - a beast talisman (active)
 d - a flux talisman
Scrolls
 f - 2 scrolls of identify {unknown}
 h - a scroll of teleportation {unknown}
 j - a scroll of poison {unknown}
 k - a scroll of immolation {unknown}
Potions
 b - 3 potions of lignification
 e - 4 potions of curing {unknown}
 i - a potion of ambrosia {unknown}

Dungeon Overview and Level Annotations

Branches:
Dungeon (3/15) Zot: 17088

Altars:

#............#
#..#####+#####
#.)......#
#..#..##...
#.....####
#........#
##.##..#.....
#.##..#.##..
#.#.ho..#
#.....oo....#
#..#....#.##.#
. ......#.# #
#+#......#
#ß...#..
###.## # +.


You could see an orc priest and 2 orcs.


Message History

The quokka barely misses you. The quokka is struck by your spines.
You kill the quokka!
No target in view!
Key pressed, stopping explore.
No target in view!
A hobgoblin comes into view.
A hobgoblin is nearby!
A hobgoblin is nearby!
The helpless hobgoblin fails to defend itself.
You punch the hobgoblin!
You kill the hobgoblin!
No target in view!
You see here a hobgoblin corpse.
Unknown command.
No target in view!
A goblin comes into view. It is wielding a +0 club.
The goblin shouts!
A goblin is nearby!
A goblin is nearby!
The goblin hits you with a +0 club. 😕 HP[-2]
You take 2 damage, and now have 30/32 hp.
You hit the goblin.
You kill the goblin!
No target in view!
Unknown command.
Things that are here:
a +0 club; a goblin corpse 😕 HP[+1] No target in view!
k - a scroll labelled KAEZXEATANT 😎 HP[+1]
Your hp is fully restored (32).
Done exploring.
Done exploring.
Done exploring.
Done exploring.
Unknown command.
There is a stone staircase leading down here.
You climb downwards.
There is a stone staircase leading up here.
A goblin is nearby!
A goblin is nearby!
The goblin shouts!
A goblin comes into view. It is wielding a +0 dagger.
The goblin is struck by your spines.
You kill the goblin!
The goblin shouts!
You hit the goblin.
Unknown command.
The goblin barely misses you.
You barely miss the goblin. The goblin is struck by your spines.
You kill the goblin!
No target in view!
An orc comes into view. It is wielding a +0 flail.
An orc is nearby!
An orc is nearby!
The orc shouts!
An orc comes into view. It is wielding a +0 whip.
An orc priest comes into view. It is wielding a +0 falchion.
The orc shouts!
The orc priest shouts!
You hit the orc. The orc barely misses you.
You hit the orc but do no damage. The orc is struck by your spines.
The orc hits you with a +0 flail. 😕 HP[-6]
You take 6 damage, and now have 26/32 hp.
You hit the orc priest.
The orc priest is struck by your spines.
The orc priest closely misses you. The orc closely misses you.
The orc is struck by your spines. The orc misses you.
You hit the orc priest.
The orc priest is struck by your spines.
The orc priest hits you with a +0 falchion.
The orc closely misses you. The orc is struck by your spines.
The orc hits you with a +0 whip. 😮 HP[-3]
You take 3 damage, and now have 23/32 hp.
Unknown command.
You hit the orc priest but do no damage.
The orc priest barely misses you. The orc hits you with a +0 whip.
The orc hits you with a +0 flail.
The orc priest shouts, "Beogh offers mercy even to people such as you.
Join us and be reborn!" (press Y on the ability menu to convert to Beogh) 😮 HP[-3]
You take 3 damage, and now have 20/32 hp.
You are too injured to fight recklessly!
You punch the orc priest! The orc barely misses you.
The orc priest hits you with a +0 falchion.
* * * LOW HITPOINT WARNING * * *
The orc misses you. 😨 HP[-4]
You take 4 damage, and now have 16/32 hp.
You are too injured to fight recklessly!
You barely miss the orc priest. The orc misses you.
The orc hits you with a +0 flail!
* * * LOW HITPOINT WARNING * * *
The orc priest calls down the wrath of Beogh upon you.
Beogh smites you!
You die...

Skill      XL: |  1  2  3 |
---------------+----------+-----
Unarmed Combat | 3 4 |  4.5
Fighting       | |  1.5
Dodging        | |  1.7
Shapeshifting  | |  2.9

Action                     |  1- 3 |  4- 6 || total
---------------------------+-------+-------++-------
  Melee: Unarmed           |    59 |    28 ||    87
         Punch             |     2 |       ||     2
   Stab: Sleeping          |       |     1 ||     1
 Armour: Animal skin       |    25 |    16 ||    41
  Dodge: Dodged            |    26 |    22 ||    48

Levels and vault maps discovered:
D:1:      lightli_arrival_chessboard, layout_rooms, kennysheep_nondescript,
          lexackson_kobold_supper
D:2:      layout_rooms
D:3:      layout_basic, serial_shops, nicolae_shop_real_fake_doors,
          serial_undead, serial_undead_b, serial_undead_c, serial_undead_f,
          serial_undead_d

Notes
Turn   | Place    | Note
-------+----------+-------------------------------------------
     0 | D:1      | ytrimaz the Demonspawn Shapeshifter began the quest for the
                  | Orb.
     0 | D:1      | Reached XP level 1. HP: 15/15 MP: 1/1
     0 | D:1      | magus.rc [v1.9.6]
    96 | D:1      | Gained mutation: You are partially covered in sharp spines.
                  | [demonic ancestry]
    96 | D:1      | Reached XP level 2. HP: 16/21 MP: 2/2
   105 | D:1      | Reached skill level 3 in Unarmed Combat
   199 | D:1      | Reached XP level 3. HP: 26/26 MP: 3/3
   230 | D:1      | You pick up a book of Battle and begin reading...
   230 | D:1      | You add the spells Fugue of the Fallen, Ozocubu's Armour
                  | and Manifold Assault to your library.
   431 | D:1      | You fall into a shaft and drop 1 floor!
   484 | D:2      | Reached skill level 4 in Unarmed Combat
   545 | D:2      | Reached XP level 4. HP: 27/32 MP: 4/4
   916 | D:3      | Killed from afar by an orc priest

Vanquished Creatures
  An adder (D:2)
  3 dart slugs
  4 endoplasms
  6 goblins
  4 hobgoblins
  2 jackals (D:2)
  9 kobolds
  2 quokkas (D:2)
  7 ball pythons
  5 frilled lizards
  7 rats
50 creatures vanquished.

Table legend:
 A = Non-vault XP
 B = Vault XP
 C = Vault XP percentage of total XP
 D = Non-vault monster count
 E = Vault monster count
 F = Vault count percentage of total count
                 A         B        C        D         E       F
            +---------+---------+-------+---------+---------+-------
      Total |     130 |      18 |  12.2 |      42 |       8 |  16.0
            +---------+---------+-------+---------+---------+-------
        D:1 |      49 |      18 |  26.9 |      17 |       8 |  32.0
        D:2 |      75 |       0 |   0.0 |      23 |       0 |   0.0
        D:3 |       6 |       0 |   0.0 |       2 |       0 |   0.0
            +---------+---------+-------+---------+---------+-------

Skill      XL: |  1  2  3 |
---------------+----------+-----
Unarmed Combat | 3 4 |  4.5
Fighting       | |  1.5
Dodging        | |  1.7
Shapeshifting  | |  2.9

Action                     |  1- 3 |  4- 6 || total
---------------------------+-------+-------++-------
  Melee: Unarmed           |    59 |    28 ||    87
         Punch             |     2 |       ||     2
   Stab: Sleeping          |       |     1 ||     1
 Armour: Animal skin       |    25 |    16 ||    41
  Dodge: Dodged            |    26 |    22 ||    48

Illustrated notes

Table legend:
 A = Kills in this place as a percentage of kills in the entire game.
 B = Kills by you in this place as a percentage of kills by you in the entire game.
 C = Kills by friends in this place as a percentage of kills by friends in the entire game.
 D = Other kills in this place as a percentage of other kills in the entire game.
 E = Experience gained in this place as a percentage of experience gained in the entire game.
 F = Experience gained in this place divided by the number of levels of this place that you have seen.
                   A       B       C       D       E      F
               +-------+-------+-------+-------+-------+----------------------
         Total | 100.0 | 100.0 |   N/A |   N/A | 100.0 |  49.3
       Dungeon | 100.0 | 100.0 |   N/A |   N/A | 100.0 |  49.3
               +-------+-------+-------+-------+-------+----------------------

Table legend: (Time is in decaauts)
 A = Elapsed time spent in this place.
 B = Non-inter-level travel time spent in this place.
 C = Inter-level travel time spent in this place.
 D = Time resting spent in this place.
 E = Time spent auto-exploring this place.
 F = Levels seen in this place.
 G = Mean time per level.
                   A        B        C        D        E       F      G
               +--------+--------+--------+--------+--------+-----+--------+
         Total |    910 |    895 |     15 |      0 |    601 |   3 |  303.3 |
       Dungeon |    910 |    895 |     15 |      0 |    601 |   3 |  303.3 |
               +--------+--------+--------+--------+--------+-----+--------+

Top non-repeatable levels by time:
     D:2: 448 daAuts
     D:1: 428 daAuts
     D:3: 33 daAuts
